 Dungeon Crawl Stone Soup version 0.24-a0-341-g52ca42d3ec (webtiles) character file.

Game seed: 17913079450615934743

3 mhoghedin the Grave Robber (level 1, -2/13 HPs)
             Began as a Mummy Necromancer on May 20, 2019.
             Slain by a gnoll
             ... wielding a +0 halberd
              (15 damage)
             ... on level 1 of the Dungeon.
             The game lasted 00:00:33 (381 turns).

mhoghedin the Grave Robber (Mummy Necromancer)       Turns: 381, Time: 00:00:33

Health: -2/13      AC:  2    Str: 11    XL:     1   Next: 41%
Magic:  0/4        EV: 12    Int: 14    God:
Gold:   41         SH:  0    Dex: 12    Spells: 4/5 levels left

rFire    x . .     SeeInvis .   b - +0 hunting sling
rCold    + . .     Gourm    .   (no shield)
rNeg     + + +     Faith    .   a - +0 robe
rPois    ∞         Spirit   .   (no helmet)
rElec    .         Reflect  .   (no cloak)
rCorr    .         Harm     .   (no gloves)
MR       .....                  (no boots)
Stlth    ++........             (no amulet)
HPRegen  0.04/turn              (no ring)
MPRegen  0.09/turn              (no ring)

@: no status effects
A: no food or potions, fire vulnerability, cold resistance 1, negative energy
resistance 3, torment resistance, unbreathing
a: no special abilities


You were on level 1 of the Dungeon.
You were not hungry.

You visited 1 branch of the dungeon, and saw 1 of its levels.

You collected 41 gold pieces.

Inventory:

Hand Weapons
 b - a +0 hunting sling (weapon)
   (You found it on level 1 of the Dungeon)
Armour
 a - a +0 robe (worn)
Scrolls
 c - 2 scrolls of remove curse {unknown}
 d - 2 scrolls of identify {unknown}


   Skills:
 - Level 1.5 Dodging
 - Level 1.5 Stealth
 + Level 2.9 Spellcasting
 + Level 4.1 Necromancy


You had 4 spell levels left.
You knew the following spells:

 Your Spells              Type           Power        Failure   Level  Hunger
a - Pain                  Necr           ##..         4%          1    N/A

Your spell library contained the following spells:

 Spells                   Type           Power        Failure   Level  Hunger
 Animate Skeleton         Necr           N/A          4%          1    N/A
 Vampiric Draining        Necr           ##........   12%         3    N/A
 Animate Dead             Necr           N/A          38%         4    N/A
 Regeneration             Chrm/Necr      Unusable     N/A         3    N/A

Dungeon Overview and Level Annotations

Branches:
Dungeon (1/15)

Altars:


Innate Abilities, Weirdness & Mutations

You do not eat or drink.
Your flesh is vulnerable to fire.
You are immune to poison.
Your flesh is cold resistant. (rC+)
You are immune to negative energy. (rN+++)
You are immune to unholy pain and torment.
You can survive without breathing.


Message History

The orc shouts!
The orc shouts!
b - a hunting sling Wield which item (- for none, * to show all)? (? for menu, Esc to quit)
b - a +0 hunting sling (weapon)
You see here 2 puce potions.
You now have 14 gold pieces.
You open the gate.
There is an open gate here.
c - a scroll labeled FUGGEF GOZU You open the huge gate.
There is a huge open gate here.
Found a stone staircase leading down.
A rat comes into view.
Aim: a rat (resting, chance to defeat MR: 83%)
The rat writhes in agony.
You kill the rat!
You now have 3/4 mp.
You can't see any susceptible monsters within range! (Use Z to cast anyway.)
You can't see any susceptible monsters within range! (Use Z to cast anyway.)
You now have 21 gold pieces (gained 7).
A ball python comes into view.
A ball python is nearby!
A ball python is nearby!
You can't see any susceptible monsters within range! (Use Z to cast anyway.)
You can't see any susceptible monsters within range! (Use Z to cast anyway.)
Aim: a ball python (resting, chance to defeat MR: 83%)
The ball python barely resists.
You now have 2/4 mp.
Aim: a ball python (chance to defeat MR: 83%)
The ball python barely resists.
You now have 1/4 mp.
Aim: a ball python (chance to defeat MR: 83%)
The ball python barely resists.
You now have 0/4 mp.
You don't have enough magic to cast that spell.
Aim: a ball python (chance to defeat MR: 83%)
The ball python writhes in agony.
You kill the ball python!
You now have 0/4 mp.
You start resting.
MP restored: 4 You see here a ball python corpse.
You now have 30 gold pieces (gained 9).
d - a scroll labeled WOOWUC WEOFORCH You see here a dagger.
You see here 7 sling bullets.
d - 2 scrolls labeled WOOWUC WEOFORCH (gained 1)
Found a stone staircase leading down.
You open the door.
There is an open door here.
You now have 41 gold pieces (gained 11).
You open the door.
There is an open door here.
A hobgoblin comes into view.
Aim: a hobgoblin (resting, chance to defeat MR: 83%)
The hobgoblin shouts!
The hobgoblin writhes in agony.
You now have 3/4 mp.
Aim: a hobgoblin (moderately wounded, chance to defeat MR: 83%)
The hobgoblin writhes in agony.
You now have 2/4 mp.
Aim: a hobgoblin (heavily wounded, chance to defeat MR: 83%)
The hobgoblin barely resists.
You now have 1/4 mp.
Aim: a hobgoblin (heavily wounded, chance to defeat MR: 83%)
The hobgoblin writhes in agony.
You now have 0/4 mp.
There is an open door here.
Aim: a hobgoblin (severely wounded, chance to defeat MR: 83%)
The hobgoblin writhes in agony.
You kill the hobgoblin!
You now have 0/4 mp.
You start resting.
MP restored: 4
c - 2 scrolls labeled FUGGEF GOZU (gained 1)
A gnoll comes into view. It is wielding a +0 halberd.
The gnoll shouts!
A gnoll is nearby!
A gnoll is nearby!
You can't see any susceptible monsters within range! (Use Z to cast anyway.)
You can't see any susceptible monsters within range! (Use Z to cast anyway.)
You can't see any susceptible monsters within range! (Use Z to cast anyway.)
Aim: a gnoll, wielding a +0 halberd (chance to defeat MR: 77%)
The gnoll writhes in agony.
You now have 3/4 mp.
Aim: a gnoll, wielding a +0 halberd (lightly wounded, chance to defeat MR: 77%)
The gnoll writhes in agony.
You now have 2/4 mp.
Aim: a gnoll, wielding a +0 halberd (moderately wounded, chance to defeat MR: 77%)
The gnoll writhes in agony.
The gnoll misses you.
You now have 1/4 mp.
Aim: a gnoll, wielding a +0 halberd (moderately wounded, chance to defeat MR: 77%)
The gnoll barely resists.
The gnoll closely misses you.
You now have 0/4 mp.
Aim: a gnoll, wielding a +0 halberd (moderately wounded, chance to defeat MR: 77%)
The gnoll writhes in agony.
The gnoll hits you from afar with a +0 halberd!
Ouch! That really hurt!
You die...

### ############.#
#............###################
#.#............@.g..............
#.#.#..........################.
##.#...................
#......#####...........
#......#.# #.##########
#......#.###...#
...............#########
#.......................
##'#).................[.


You could see a gnoll.

Vanquished Creatures
  A ball python (D:1)
  A hobgoblin (D:1)
  A rat (D:1)
3 creatures vanquished.

Notes
Turn   | Place    | Note
-------+----------+-------------------------------------------
     0 | D:1      | mhoghedin the Mummy Necromancer began the quest for the
                  | Orb.
     0 | D:1      | Reached XP level 1. HP: 13/13 MP: 4/4
   381 | D:1      | Slain by a gnoll

Levels and vault maps discovered:
D:1:      lordsloth_arrival_two_stooges, layout_basic

Action                   || total
-------------------------++-------
 Cast: Pain              ||    15
Dodge: Dodged            ||     2

Table legend:
 A = Non-vault XP
 B = Vault XP
 C = Vault XP percentage of total XP
 D = Non-vault monster count
 E = Vault monster count
 F = Vault count percentage of total count
                 A         B        C        D         E       F
            +---------+---------+-------+---------+---------+-------
      Total |       5 |       0 |   0.0 |       3 |       0 |   0.0
            +---------+---------+-------+---------+---------+-------
        D:1 |       5 |       0 |   0.0 |       3 |       0 |   0.0
            +---------+---------+-------+---------+---------+-------

Levels and vault maps discovered:
D:1:      lordsloth_arrival_two_stooges, layout_basic

Table legend:
 A = Turns spent in this place as a percentage of turns spent in the entire game.
 B = Non-inter-level travel turns spent in this place as a percentage of non-inter-level travel turns spent in the entire game.
 C = Inter-level travel turns spent in this place as a percentage of turns spent in this place.
 D = Turns resting spent in this place as a percentage of non-inter-level travel turns spent in this place.
 E = Turns spent auto-exploring this place as a percentage of non-inter-level travel turns spent in this place.
 F = Non-inter-level travel turns spent in this place divided by the number of levels of this place that you've seen.
                   A       B       C       D       E      F
               +-------+-------+-------+-------+-------+----------------------
         Total | 100.0 | 100.0 |   0.0 |  21.3 |  63.8 | 381.0
       Dungeon | 100.0 | 100.0 |   0.0 |  21.3 |  63.8 | 381.0
               +-------+-------+-------+-------+-------+----------------------

Table legend:
 A = Kills in this place as a percentage of kills in entire the game.
 B = Kills by you in this place as a percentage of kills by you in the entire game.
 C = Kills by friends in this place as a percentage of kills by friends in the entire game.
 D = Other kills in this place as a percentage of other kills in the entire game.
 E = Experience gained in this place as a percentage of experience gained in the entire game.
 F = Experience gained in this place divided by the number of levels of this place that you have seen.
                   A       B       C       D       E      F
               +-------+-------+-------+-------+-------+----------------------
         Total | 100.0 | 100.0 |   N/A |   N/A | 100.0 |   5.0
       Dungeon | 100.0 | 100.0 |   N/A |   N/A | 100.0 |   5.0
               +-------+-------+-------+-------+-------+----------------------
